 Dungeon Crawl Stone Soup version 0.18.1-8-gdd0e5ea (webtiles) character file.

46 Guinours the Shield-Bearer (level 3, -1/33 HPs)
             Began as a Minotaur Fighter on May 30, 2016.
             Slain by a gnoll
             ... wielding a +0 spear
              (4 damage)
             ... on level 2 of the Dungeon.
             The game lasted 00:04:52 (1207 turns).

Guinours the Shield-Bearer (Minotaur Fighter)       Turns: 1207, Time: 00:04:53

Health: -1/33      AC:  7    Str: 20    XL:     3   Next: 44%
Magic:  2/2        EV:  8    Int:  5    God:
Gold:   42         SH:  9    Dex: 10    Spells: 0 memorised, 2 levels left

rFire  . . .     SeeInvis .     j - +0 flail
rCold  . . .     Gourm    .     b - +0 scale mail
rNeg   . . .     Faith    .     c - +0 shield
rPois  .         Spirit   .     (helmet restricted)
rElec  .         Dismiss  .     (no cloak)
rCorr  .         Reflect  .     (no gloves)
SustAt .         Harm     .     (no boots)
MR     .....                    (no amulet)
Stlth  ..........               (no ring)
                                (no ring)

@: not resistant to hostile enchantments, extremely unstealthy
A: retaliatory headbutt, horns 2
a: no special abilities


You were on level 2 of the Dungeon.
You were not hungry.

You visited 1 branch of the dungeon, and saw 2 of its levels.

You collected 42 gold pieces.

Inventory:

Hand Weapons
 j - a +0 flail (weapon)
 n - a +0 battleaxe of flaming
Armour
 b - a +0 scale mail (worn)
 c - a +0 shield (worn)
Scrolls
 e - 3 scrolls of enchant weapon {unknown}
 g - a scroll of remove curse {unknown}
 h - 3 scrolls of identify {unknown}
 p - 2 scrolls of magic mapping {unknown}
Potions
 d - a potion of might
 i - a potion of heal wounds {unknown}
 k - a potion of magic {unknown}
 l - a potion of flight {unknown}
 m - 2 potions of curing {unknown}
 q - a potion of cancellation {unknown}
Comestibles
 a - a meat ration
 f - a bread ration
 o - a chunk of flesh


   Skills:
 + Level 4.1 Fighting
 + Level 2.7 Maces & Flails
 + Level 4.1 Armour
 * Level 1.2 Dodging
 + Level 0.1 Stealth
 + Level 4.1 Shields


You had 2 spell levels left.
You didn't know any spells.

Dungeon Overview and Level Annotations

Branches:
Dungeon (2/15)

Altars:


Innate Abilities, Weirdness & Mutations

You reflexively headbutt those who attack you in melee.
You have a pair of horns on your head.


Message History

You feel agile.
The gnoll hits you from afar with a halberd.
The gnoll hits you from afar with a spear.
You miss the adder. Your headbutt misses the adder.
You block the adder's attack. x2
You sock the adder!
You kill the adder!
The gnoll hits you but does no damage. The gnoll hits you but does no damage.
The gnoll hits you with a halberd. You block the gnoll's attack.
The gnoll barely misses you.
Your shield and scale mail prevent you from hitting the gnoll.
You headbutt the gnoll.
The gnoll is moderately wounded.
You block the gnoll's attack.
The gnoll hits you from afar with a spear.
The gnoll hits you with a halberd.
The gnoll hits you from afar with a halberd!
* * * LOW HITPOINT WARNING * * *
The gnoll hits you with a spear.
You die...

##.........(
#........#.# ###
#........#.. ....
###.....##.#.. .....
#.......##.###
.....######.#.######....
...>..g.................
.....gg...............##
.....gg@................
.....g#####.#.######.###
..... #..........# #
.... ##'#.########## ...
#.............. ..
#.....########. .
#...#..........
#...#.########.
#...#.#.# ##


You could see 6 gnolls.

Vanquished Creatures
  2 gnolls
  An adder (D:2)
  A dart slug (D:1)
  A giant gecko (D:2)
  A goblin (D:1)
  A hobgoblin (D:1)
  2 jackals (D:1)
  2 ball pythons
  2 bats (D:2)
  2 giant newts (D:1)
  3 rats
18 creatures vanquished.

Vanquished Creatures (others)
  4 toadstools (D:1)
4 creatures vanquished.

Grand Total: 22 creatures vanquished

Notes
Turn   | Place    | Note
--------------------------------------------------------------
     0 | D:1      | Guinours the Minotaur Fighter began the quest for the Orb.
     0 | D:1      | Reached XP level 1. HP: 19/19 MP: 0/0
   324 | D:1      | Reached XP level 2. HP: 26/27 MP: 1/1
   506 | D:1      | Reached skill level 1 in Dodging
  1202 | D:2      | Reached XP level 3. HP: 33/33 MP: 2/2
  1207 | D:2      | Slain by a gnoll

Skill      XL: |  1  2 |
---------------+-------+-----
Shields        | 4 |  4.1
Dodging        | 1 |  1.2
Fighting       | 4 |  4.1
Armour         | 4 |  4.1
Maces & Flails | |  2.7
Stealth        | |  0.1

Action                   || total
-------------------------++-------
Melee: Flail             ||    39
       Headbutt          ||     6
       Battleaxe         ||    13
  Eat: Chunk             ||     1
Armor: Scale mail        ||    26
Dodge: Dodged            ||    22
Block: Shield            ||    17
